 Dungeon Crawl Stone Soup version 0.28-a0-957-g42eb19b844 (webtiles) character file.

Game seed: 13571948461345622606

97 croobank the Sneak (level 4, -1/31 HPs)
             Began as an Octopode Monk on Nov 30, 2021.
             Was a Plaything of Xom.
             Succumbed to an orc's poison
             ... on level 3 of the Dungeon.
             The game lasted 00:07:26 (2497 turns).

croobank the Sneak (Octopode Monk)                  Turns: 2497, Time: 00:07:26

Health: -1/31      AC:  1    Str: 12    XL:     4   Next: 68%
Magic:  4/4        EV: 15    Int: 12    God:    Xom [..*...]
Gold:   76         SH:  0    Dex: 20    Spells: 3/3 levels left

rFire   . . .      SeeInvis .   d - +2 hand axe (pain)
rCold   . . .      Faith    .   (no shield)
rNeg    . . .      Spirit   .   (helmet restricted)
rPois   .          Reflect  .   (no amulet)
rElec   .          Harm     .   e - +6 ring of dexterity
rCorr   .          Rampage  .   (no ring)
Will    .....                   (no ring)
Stlth   ++++......              (no ring)
HPRegen 0.10/turn               (no ring)
MPRegen 0.09/turn               (no ring)
                                (no ring)
                                (no ring)

@: lethally poisoned (-1 -> -31)
A: almost no armour, amphibious, 8 rings, camouflage 1, gelatinous body 1,
(nimble swimmer 1), tentacles
a: Renounce Religion


You were on level 3 of the Dungeon.
You worshipped Xom.
You were a toy of Xom.
You visited 1 branch of the dungeon, and saw 3 of its levels.

You collected 76 gold pieces.

Inventory:

Hand Weapons
 b - a +0 dagger
 c - a +0 short sword
 d - a +2 hand axe of pain (weapon)
 g - a +3 vampiric whip
 k - a +0 falchion
Missiles
 a - 62 stones
 h - 3 boomerangs (quivered)
Jewellery
 e - a +6 ring of dexterity (left tentacle)
Scrolls
 i - a scroll of teleportation
 m - 2 scrolls of identify {unknown}
Potions
 f - a potion of cancellation {unknown}
 j - 2 potions of degeneration {unknown}
 l - 2 potions of brilliance {unknown}
 n - 2 potions of lignification {unknown}


   Skills:
 - Level 3.3 Fighting
 + Level 1.9(2.0) Axes
 - Level 0.5(1.3) Maces & Flails
 - Level 3.3 Dodging
 - Level 3.7 Stealth
 - Level 3.6 Unarmed Combat


You had 3 spell levels left.
You didn't know any spells.
Your spell library was empty.

Dungeon Overview and Level Annotations

Branches:
Dungeon (3/15)

Altars:
Ru
Xom


Innate Abilities, Weirdness & Mutations

You cannot wear most types of armour.
You are amphibious.
You can wear up to eight rings at the same time.
Your skin changes colour to match your surroundings (Stealth+).
Your rubbery body absorbs attacks. (AC +1, EV +1)
((You are camouflaged near water. (Stealth+)))
You have tentacles for arms and can constrict up to eight enemies at once.


Message History

The orc wizard shouts!
The frilled lizard hisses angrily.
The orc shouts!
You hit the orc. You grab the orc. You squeeze the orc.
The orc is almost dead.
You constrict the orc.
You kill the orc!
Your Axes skill increases to level 1!
Found a scroll labelled WOISUELOQO.
The orc closely misses you. The orc wizard completely misses you.
Things that are here:
a +0 dagger; an orc corpse You hit the orc wizard.
You grab the orc wizard.
You squeeze the orc wizard, but do no damage.
The orc wizard is lightly wounded.
You closely miss the frilled lizard. You hit the orc but do no damage.
You constrict the orc wizard.
The orc hits you with a +0 hand axe of venom.
You are poisoned.
The frilled lizard bites you.
The orc wizard hits you with a +0 dagger.
You hit the orc wizard. You tentacle-slap the orc wizard.
The orc wizard is almost dead.
You hit the orc. You hit the frilled lizard.
You kill the frilled lizard!
You constrict the orc wizard.
You kill the orc wizard!
You feel very sick.
The orc hits you with a +0 hand axe of venom.
You are lethally poisoned!
The orc closely misses you.
You barely miss the orc. You grab the orc. You tentacle-slap the orc.
The orc is almost dead.
You constrict the orc, but do no damage.
* * * LOW HITPOINT WARNING * * *
You feel very sick. The orc hits you but does no damage.
You are more poisoned.
You hit the orc.
You kill the orc!
You die...
Xom guffaws!

#.......#
##....##
###.#
#.....###
#..#..# #..
#.....#
#.##..# ##.
#.....#
#.##..# #
#.....#
##.##..#
#######
#..###.#
###### #.##
.#
#....†###.#
.#
#....)@...#
#....)..###
#...>.#...
#.....####.#
###### .. .?
.


There were no monsters in sight!

Vanquished Creatures
  An orc wizard (D:3)
  2 adders
  A worm (D:2)
  3 orcs (D:3)
  9 ball pythons
  3 endoplasms (D:1)
  2 giant cockroaches
  4 goblins
  5 hobgoblins
  10 kobolds
  3 quokkas
  2 bats (D:1)
  2 frilled lizards
  3 rats
50 creatures vanquished.

Notes
Turn   | Place    | Note
-------+----------+-------------------------------------------
     0 | D:1      | croobank the Octopode Monk began the quest for the Orb.
     0 | D:1      | Reached XP level 1. HP: 16/16 MP: 1/1
   333 | D:1      | Reached XP level 2. HP: 21/21 MP: 2/2
  1025 | D:1      | Reached XP level 3. HP: 22/26 MP: 3/3
  1920 | D:2      | Found a faded altar of an unknown god.
  1923 | D:2      | Prayed at the altar of an unknown god.
  1923 | D:2      | Became a worshipper of Xom of Chaos
  2031 | D:2      | XOM: silly message
  2188 | D:3      | Found a sacrificial altar of Ru.
  2332 | D:3      | Reached XP level 4. HP: 29/31 MP: 4/4
  2493 | D:3      | Reached skill level 1 in Axes
  2497 | D:3      | Succumbed to an orc's poison

Illustrated notes

Levels and vault maps discovered:
D:1:      ncdulo_watergridlock, layout_loops_corners
D:2:      layout_basic, shapermc_ecumenical_altar_mp_vishouse,
          chequers_serial_rivers_small_a, minmay_misc_feat_x,
          hangedman_decor_points, hangedman_decor_lopped
D:3:      layout_rooms, nicolae_ru_awakened_eye, columned_hall_lemuel

Skill      XL: |  1  2  3  4 |
---------------+-------------+-----
Stealth        | 3 |  3.7
Axes           | 1 |  1.9
Fighting       | |  3.3
Maces & Flails | |  0.5
Dodging        | |  3.3
Unarmed Combat | |  3.6

Action                   |  1- 3 |  4- 6 || total
-------------------------+-------+-------++-------
Melee: Unarmed           |    46 |       ||    46
       Constrict         |    22 |     5 ||    27
       Tentacles         |    16 |     4 ||    20
       Punch             |     3 |     2 ||     5
       Whip              |    31 |     2 ||    33
       Hand axe          |       |     8 ||     8
Throw: Boomerang         |     1 |       ||     1
  Use: Scroll            |     3 |       ||     3
 Stab: Sleeping          |    18 |     1 ||    19
       Distracted        |     1 |     1 ||     2
Armor: Skin              |     2 |     1 ||     3
Dodge: Dodged            |    27 |     5 ||    32

Table legend: (Time is in decaauts)
 A = Elapsed time spent in this place.
 B = Non-inter-level travel time spent in this place.
 C = Inter-level travel time spent in this place.
 D = Time resting spent in this place.
 E = Time spent auto-exploring this place.
 F = Levels seen in this place.
 G = Mean time per level.
                   A        B        C        D        E       F      G
               +--------+--------+--------+--------+--------+-----+--------+
         Total |   2497 |   2459 |     38 |      0 |   2038 |   3 |  832.3 |
       Dungeon |   2497 |   2459 |     38 |      0 |   2038 |   3 |  832.3 |
               +--------+--------+--------+--------+--------+-----+--------+

Top non-repeatable levels by time:
     D:1: 1341 daAuts
     D:2: 837 daAuts
     D:3: 318 daAuts
